 Dungeon Crawl Stone Soup version 0.31-a0-7-g51783674b7 (webtiles) character file.

Game seed: 5156585041526228242

5656 lunkers the Arsonist (level 11, 0/74 HPs)
             Began as a Meteoran Fire Elementalist on May 5, 2023.
             Was an Initiate of Gozag.
             Slain by a death yak (18 damage)
             ... on level 1 of the Lair of Beasts.
             The game lasted 00:18:09 (3892 turns).

lunkers the Arsonist (Meteoran Fire Elementalist)   Turns: 3892, Time: 00:18:09

Health: 0/74       AC:  8    Str: 11    XL:     11   Next: 24%
Magic:  13/25      EV: 12    Int: 21    God:    Gozag
Gold:   1238       SH:  0    Dex: 14    Spells: 19/29 levels left

rFire   + . .        a - +3 short sword (speed)
rCold   + . .        (no shield)
rNeg    . . .        v - +0 steam dragon scales
rPois   .            p - +1 helmet
rElec   .            i - scarf {rC+ rF+}
rCorr   .            (no gloves)
SInv    .            y - +0 pair of boots
Will    ++...        (no amulet)
Stlth   +            h - ring of willpower
HPRegen 0.32/turn    l - ring of wizardry
MPRegen 0.19/turn

%: wizardry (x1)
@: gold aura, glowing
A: sense surroundings 2, otherworldly, glowing, explore regen
a: Renounce Religion, Potion Petition, Call Merchant, Bribe Branch


You were on level 1 of the Lair of Beasts.
You worshipped Gozag.
Gozag was most pleased with you.
You visited 2 branches of the dungeon, and saw 9 of its levels.
You also visited: Sewer.

You collected 1306 gold pieces.
You paid 68 gold pieces to Gozag.

Inventory:

Hand Weapons
 a - a +3 short sword of speed (weapon)
 u - a +1 dagger of venom
Missiles
 e - a throwing net
Armour
 i - a scarf of resistance (worn)
 p - a +1 helmet (worn)
 v - +0 steam dragon scales (worn)
 y - a +0 pair of boots (worn)
Jewellery
 d - a ring of see invisible
 h - a ring of willpower (left hand)
 l - a ring of wizardry (right hand)
 x - a ring of protection from cold
Wands
 A - a wand of roots (5)
Scrolls
 c - a scroll of identify
 j - a scroll of fog
 q - 2 scrolls of teleportation
 s - 2 scrolls of amnesia
 t - 3 scrolls of enchant armour
Potions
 b - 2 potions of magic
 g - a potion of mutation
 k - a potion of resistance
 m - a potion of might
 n - 3 potions of flight
 o - a potion of heal wounds
 r - a potion of haste
 w - a potion of attraction


   Skills:
 - Level 2.4 Dodging
 - Level 1.4 Stealth
 + Level 9.8 Spellcasting
 + Level 9.4 Conjurations
 * Level 13.6 Fire Magic


You had 19 spell levels left.
You knew the following spells:

 Your Spells              Type           Power      Damage    Failure   Level
a - Foxfire               Conj/Fire      100%       2x1d9     1%          1
b - Scorch                Fire           100%       2d9       1%          2
c - Volatile Blastmotes   Fire/Tloc      78%        2d16      1%          3
d - Flame Wave            Conj/Fire      56%        2d13      1%          4

Your spell library contained the following spells:

 Spells                   Type           Power      Damage    Failure   Level
 Shock                    Conj/Air       100%       1d9       1%          1
 Hailstorm                Conj/Ice       30%        3d8       1%          3
 Inner Flame              Hex/Fire       39%        N/A       1%          3
 Apportation              Tloc           20%        N/A       2%          1
 Necrotise                Necr           40%        1d6       2%          1
 Summon Small Mammal      Summ           40%        N/A       2%          1
 Swiftness                Air            10%        N/A       9%          3
 Airstrike                Air            5%         2d(1-17)  26%         4
 Ice Form                 Ice/Tmut       10%        N/A       26%         4
 Summon Forest            Summ/Tloc      5%         N/A       56%         5
 Eringya's Noxious Bog    Tmut/Pois      5%         N/A       98%         6
 Summon Hydra             Summ           5%         N/A       100%        7
 Simulacrum               Ice/Necr       Unusable   N/A       N/A         6

Dungeon Overview and Level Annotations

Branches:
Dungeon (8/15) Zot: 1405   Temple (0/1) D:7            Lair (1/5) D:8 Zot: 483
  Sewer (visited)

Altars:
Gozag
Kikubaaqudgha
Ru
Xom

Shops:
D:5 *   D:8 (


Innate Abilities, Weirdness & Mutations

You passively map the area around you.
You are easily found by Zot.
You glow in the dark.
You regain HP and MP as you explore.


Message History

You hear a bellow!
The death yak gores you.
* * * LOW HITPOINT WARNING * * *
The death yak is distracted by your dazzling golden aura.
A yak comes into view.
The death yak bellows!
Aiming: Corrosive Bolt
Press: ? - help, Shift-Dir - straight line, f/p - death yak
Aim: a death yak (heavily wounded, covered in acid, 90% to hit)
The bolt of acid hits the death yak.
The death yak is heavily wounded.
The bolt of acid hits the death yak!
The death yak seems to be corroded for longer.
The death yak is severely wounded.
The death yak is no longer distracted by gold.
The bolt of acid hits the death yak.
The death yak seems to be corroded for longer.
The death yak is severely wounded.
The bolt of acid hits the death yak!
The death yak is moderately wounded.
The death yak gores you but does no damage.
Aiming: Corrosive Bolt
Press: ? - help, Shift-Dir - straight line, f/p - death yak
Aim: a death yak (heavily wounded, covered in acid, 90% to hit)
The bolt of acid hits the death yak!!
The death yak seems to be corroded for longer.
The death yak is severely wounded.
The bolt of acid hits the death yak!!
The death yak seems to be corroded for longer.
The death yak is almost dead.
The bolt of acid hits the death yak!
The death yak seems to be corroded for longer.
The death yak is almost dead.
The bolt of acid hits the death yak!
The death yak seems to be corroded for longer.
The death yak is heavily wounded.
The now-empty wand crumbles to dust.
The death yak gores you!!
You die...
Your body crumbles into a pile of gold.

## ### ####P###.####
#...........# ##### #...........#
######.#.##### ............##
#............#
#...........Y#######............#
#.........Y.YYYY@..P............#
#...........######.'....[.......#
........Y...# ##P............#
###.#.#.##.## ##............# #
#..##### #............# * ##..#*
####...#.#.### ##..#
*###.#P.....### * #.##
#...........).. * #Y#
##.............#


You could see 5 death yaks and a yak.

Vanquished Creatures
  A death yak (Lair:1)
  A black mamba (Lair:1)
  Maggie (D:7)
  A cane toad (Lair:1)
  2 hornets (D:8)
  A wyvern (Lair:1)
  4 yaks (D:8)
  A steam dragon (D:8)
  Grum (D:8)
  Edmund (D:5)
  A water moccasin (D:7)
  2 ice beasts
  2 wolves (D:8)
  An ogre (D:4)
  2 kobold brigands (Sewer)
  A bullfrog (D:8)
  A scorpion (D:6)
  An electric eel (D:6)
  4 hounds
  2 jellies
  3 orc priests
  A sleepcap (D:7)
  A gnoll bouda (D:5)
  An iguana (D:5)
  Natasha (twice) (D:2)
  8 orc wizards
  16 gnolls
  7 adders
  A shadow imp (D:6)
  A white imp (D:7)
  7 worms
  A dart slug (D:2)
  27 orcs
  8 endoplasms
  4 giant cockroaches
  4 goblins
  6 hobgoblins
  5 jackals (D:4)
  6 kobolds
  5 quokkas
  4 ball pythons
  A bat (D:1)
  4 frilled lizards
  7 rats
161 creatures vanquished.

Vanquished Creatures (collateral kills)
  3 cane toads (Lair:1)
3 creatures vanquished.

Vanquished Creatures (others)
  114 foxfires
  A plant (D:6)
115 creatures vanquished.

Grand Total: 279 creatures vanquished

Notes
Turn   | Place    | Note
-------+----------+-------------------------------------------
     0 | D:1      | lunkers the Meteoran Fire Elementalist began the quest for
                  | the Orb.
     0 | D:1      | Reached XP level 1. HP: 14/14 MP: 5/5
    87 | D:1      | Reached XP level 2. HP: 15/20 MP: 2/6
    97 | D:1      | Learned a level 2 spell: Scorch
   155 | D:1      | Reached skill level 4 in Fire Magic
   495 | D:1      | Reached XP level 3. HP: 26/26 MP: 5/8
   500 | D:1      | Glimpsed the power of Zot.
   589 | D:2      | Noticed Natasha
   595 | D:2      | Killed Natasha
   596 | D:2      | Reached XP level 4. HP: 29/33 MP: 0/9
   656 | D:2      | Reached skill level 5 in Fire Magic
   789 | D:2      | Found a shimmering altar of Xom.
   818 | D:2      | Noticed Natasha
   822 | D:2      | Killed Natasha
   823 | D:2      | Reached XP level 5. HP: 38/38 MP: 4/11
   997 | D:3      | Found an opulent altar of Gozag.
  1005 | D:3      | Became a worshipper of Gozag Ym Sagoz the Greedy
  1498 | D:4      | Found a glowing drain.
  1514 | Sewer    | Entered a sewer
  1567 | Sewer    | Reached XP level 6. HP: 45/45 MP: 8/13
  1630 | Sewer    | Reached skill level 6 in Fire Magic
  1689 | Sewer    | Reached XP level 7. HP: 40/50 MP: 6/14
  1877 | Sewer    | Glimpsed the power of Zot.
  1979 | D:4      | Learned a level 3 spell: Volatile Blastmotes
  1984 | D:4      | Learned a level 4 spell: Flame Wave
  2078 | D:4      | Reached skill level 7 in Fire Magic
  2083 | D:4      | Reached skill level 5 in Spellcasting
  2239 | D:4      | Reached XP level 8. HP: 5/57 MP: 1/17
  2446 | D:5      | Entered Level 5 of the Dungeon
  2450 | D:5      | Reached skill level 8 in Fire Magic
  2452 | D:5      | Reached skill level 5 in Conjurations
  2458 | D:5      | Found Wueh's Gadget Gallery.
  2685 | D:5      | Noticed Edmund
  2698 | D:5      | Killed Edmund
  2704 | D:5      | Found a sacrificial altar of Ru.
  2781 | D:5      | Reached skill level 9 in Fire Magic
  2839 | D:6      | Gained mutation: You passively map the area around you.
                  | [Meteoran growth]
  2839 | D:6      | Reached XP level 9. HP: 62/62 MP: 7/19
  3011 | D:7      | Found a staircase to the Ecumenical Temple.
  3115 | D:7      | Found an ancient bone altar of Kikubaaqudgha.
  3126 | D:7      | Noticed Maggie
  3133 | D:7      | Killed Maggie
  3134 | D:7      | Reached skill level 10 in Fire Magic
  3368 | D:8      | Found Duwk's Antique Weapon Shop.
  3408 | D:8      | Noticed a hornet
  3413 | D:8      | Killed a hornet
  3529 | D:8      | Reached skill level 11 in Fire Magic
  3529 | D:8      | Reached XP level 10. HP: 57/69 MP: 13/22
  3617 | D:8      | Noticed Grum
  3624 | D:8      | Killed Grum
  3663 | D:8      | Reached skill level 12 in Fire Magic
  3767 | D:8      | Found a staircase to the Lair.
  3773 | Lair:1   | Entered Level 1 of the Lair of Beasts
  3777 | Lair:1   | Noticed a cane toad
  3781 | Lair:1   | Noticed a cane toad
  3781 | Lair:1   | Killed a cane toad
  3783 | Lair:1   | Killed a cane toad
  3786 | Lair:1   | Noticed a cane toad
  3794 | Lair:1   | Killed a cane toad
  3814 | Lair:1   | Noticed a cane toad
  3820 | Lair:1   | Killed a cane toad
  3821 | Lair:1   | Reached skill level 13 in Fire Magic
  3821 | Lair:1   | Reached XP level 11. HP: 66/74 MP: 15/25
  3852 | Lair:1   | Noticed a black mamba
  3858 | Lair:1   | Killed a black mamba
  3865 | Lair:1   | Noticed a death yak
  3869 | Lair:1   | Noticed a death yak
  3870 | Lair:1   | Noticed a death yak
  3872 | Lair:1   | Noticed a death yak
  3880 | Lair:1   | Noticed a death yak
  3883 | Lair:1   | Noticed a death yak
  3889 | Lair:1   | Killed a death yak
  3892 | Lair:1   | Slain by a death yak

Illustrated notes

Levels and vault maps discovered:
D:1:      heliophobic_arrival_battle_scene, layout_loops_corners, minmay_cut_off
D:2:      layout_rooms, basic_altar, uniq_natasha
D:3:      layout_basic, nicolae_gozag_seed_capital, nicolae_eternal_life
D:4:      lemuel_castle_with_subvaults [lemuel_castle_interior_carwin_2],
          layout_loops_ring, gup_sewer_entry_pipe, minmay_misc_feat_four_crosses
D:5:      layout_cave_pods, mainiacjoe_overflow_alcove_4, nicolae_shop_gadgets,
          uniq_edmund
D:6:      layout_cave_pools, zin_scriptorium, chequers_big_river
D:7:      layout_basic, kiku_gazebo_pond_becter, minmay_temple_entry_mist,
          uniq_maggie
D:8:      wander_river, layout_basic, lair_entry_dummy, serial_shops, shop,
          uniq_grum, uniq_maurice
Lair:1:   layout_roguey, gauntlet_entry_generic, st_stairs_10,
          lemuel_fruit_fields, uniq_gastronok

Skill      XL: |  1  2  3  4  5  6  7  8  9 10 |
---------------+-------------------------------+-----
Fire Magic     | 4 5 6 7 9 11 13 | 13.6
Spellcasting   | 3 4 5 6 7 9 |  9.8
Conjurations   | 2 3 4 5 7 9 |  9.4
Dodging        | |  2.4
Stealth        | |  1.4

Action                     |  1- 3 |  4- 6 |  7- 9 | 10-12 || total
---------------------------+-------+-------+-------+-------++-------
  Melee: Unarmed           |       |     3 |       |       ||     3
         Dagger            |       |       |    19 |       ||    19
         Short sword       |       |       |     9 |    10 ||    19
   Cast: Foxfire           |     9 |    11 |    47 |     1 ||    68
         Scorch            |    18 |    37 |   107 |    34 ||   196
         Flame Wave        |       |       |     5 |     5 ||    10
         Volatile Blastmot |       |       |       |     1 ||     1
  Evoke: Wand              |       |       |     4 |     7 ||    11
    Use: Scroll            |     2 |       |    14 |     2 ||    18
 Armour: Robe              |     2 |    13 |    22 |       ||    37
         Steam dragon scal |       |       |     5 |    12 ||    17
  Dodge: Dodged            |     3 |    18 |    46 |    18 ||    85

Table legend: (Time is in decaauts)
 A = Elapsed time spent in this place.
 B = Non-inter-level travel time spent in this place.
 C = Inter-level travel time spent in this place.
 D = Time resting spent in this place.
 E = Time spent auto-exploring this place.
 F = Levels seen in this place.
 G = Mean time per level.
                   A        B        C        D        E       F      G
               +--------+--------+--------+--------+--------+-----+--------+
         Total |   4042 |   3920 |    122 |     27 |   1961 |  10 |  404.2 |
       Dungeon |   3394 |   3272 |    122 |     27 |   1931 |   8 |  424.2 |
          Lair |    115 |    115 |      0 |      0 |      4 |   1 |  115.0 |
         Sewer |    532 |    532 |      0 |      0 |     26 |   1 |  532.0 |
               +--------+--------+--------+--------+--------+-----+--------+

Top non-repeatable levels by time:
     D:4: 705 daAuts
   Sewer: 532 daAuts
     D:1: 520 daAuts
     D:8: 517 daAuts
     D:3: 492 daAuts
     D:5: 358 daAuts
     D:2: 348 daAuts
     D:7: 287 daAuts
     D:6: 164 daAuts
  Lair:1: 115 daAuts
